 Dungeon Crawl Stone Soup version 0.17-a0-1646-geb1493d (webtiles) character file.

867 MikeDS the Archer (level 7, -7/45 HPs)
             Began as a High Elf Hunter on Aug 6, 2015.
             Was a Priest of Zin (penitent).
             Mangled by an orc warrior
             ... wielding a +0 trident
              (14 damage)
             ... on level 5 of the Dungeon on Aug 10, 2015.
             The game lasted 00:42:54 (6109 turns).

MikeDS the Archer (High Elf Hunter)                 Turns: 6109, Time: 00:42:54

Health: -7/45      AC:  7    Str: 11    XL:     7   Next: 73%
Magic:  8/8        EV: 17    Int: 14    God:    Zin [*]
Gold:   311        SH:  0    Dex: 19    Spells: 0 memorised, 6 levels left

rFire  . . .     SeeInvis .     a - +1 shortbow
rCold  . . .     Clarity  .     d - +0 leather armour
rNeg   . . .     SustAt   .     (no shield)
rPois  .         Gourm    .     (no helmet)
rElec  .         Spirit   .     (no cloak)
rCorr  .         Warding  .     s - +0 pair of gloves
rMut   .         Stasis   .     n - +2 pair of boots
MR     .....                    (no amulet)
Stlth  +++.......               (no ring)
                                j - +1 ring of evasion

@: not resistant to hostile enchantments, fairly stealthy
A: no striking features
a: Renounce Religion


You were on level 5 of the Dungeon.
You worshipped Zin.
Zin was demanding penance.
You were full.

You visited 2 branches of the dungeon, and saw 7 of its levels.

You collected 345 gold pieces.
You donated 34 gold pieces to Zin.

Inventory:

Hand weapons
 a - a +1 shortbow (weapon)
 b - a +0 short sword
Missiles
 c - 21 arrows (quivered)
 f - 22 bolts
Armour
 d - a +0 leather armour (worn)
 n - a +2 pair of boots (worn)
 s - a +0 pair of gloves (worn)
Jewellery
 j - a +1 ring of evasion (left hand)
Magical devices
 x - a wand of enslavement (2)
Scrolls
 e - 2 scrolls of blinking
 g - a scroll of fear {unknown}
 l - a scroll of amnesia
 o - a scroll of enchant armour
 r - 3 scrolls of random uselessness
 u - a scroll of identify
 v - a scroll of enchant weapon {unknown}
Potions
 h - a potion of haste
 k - 2 potions of curing {unknown}
 m - a potion of poison {unknown}
 p - 3 potions of brilliance {unknown}
 q - a potion of agility {unknown}
 w - a potion of heal wounds {unknown}
Comestibles
 i - 6 bread rations
 t - a meat ration


   Skills:
 - Level 2.4 Fighting
 + Level 4.0 Short Blades
 * Level 8.4 Bows
 * Level 5.7 Dodging
 + Level 4.2 Stealth
 + Level 0.2 Invocations


You had 6 spell levels left.
You didn't know any spells.

Dungeon Overview and Level Annotations

Branches:
Dungeon (6/15)             Temple (1/1) D:4

Altars:
Dithmenos
Elyvilon
Fedhas
Gozag
Kikubaaqudgha
Makhleb
Nemelex Xobeh
Qazlal
Ru
Sif Muna
Vehumet
Xom
Yredelemnul
Zin


Message History

The arrow hits your gnoll sergeant but does no damage.
The gnoll sergeant is no longer charmed.
The gnoll sergeant is moderately wounded.
You feel very guilty. "You will pay for your transgression, mortal!"
The orc warrior hits you from afar with a trident!
The orc warrior misses you.
There is a stone staircase leading up here.
The gnoll sergeant hits you from afar with a spear of piercing.
* * * LOW HITPOINT WARNING * * *
x2 The orc warrior hits you with a trident.
* * * LOW HITPOINT WARNING * * *
You climb upwards.
A centaur comes into view.
There is a stone staircase leading down here.
You are too injured to fight recklessly!
You are too injured to fight recklessly!
The orc warrior misses you.
The orc warrior hits you with a trident!
You die...

#.....# #. ###....# #.
#......# #. #.#.#..#
#. #......# #.
#...#.###### #.
#.....#....####### #.
#..#.o#.##.......#####
#....@#.##...........#
#c#####.##.......###.#
###########.#
#..........###..
#.(.........#
###..#........##
#.###########
#..+.....(..## #.#
#.##........#
#.#########
#.###########
#.........# #.#
#########.# #.#


You could see an orc warrior and a centaur (wandering).

Vanquished Creatures
  The ghost of Ajdolov the Covert, an experienced SpAr of Nemelex Xobeh (D:5)
  An orc warrior (D:3)
  A sky beast (D:5)
  A giant frog (D:4)
  A giant frog zombie (D:5)
  A jelly (D:5)
  A hound (D:6)
  3 iguanas
  A worker ant (D:4)
  Terence (D:3)
  A hound zombie (D:5)
  3 adders
  2 gnolls (D:6)
  An adder skeleton (D:4)
  2 worms (D:2)
  4 orcs
  7 giant cockroaches
  4 goblins
  9 hobgoblins
  4 jackals (D:3)
  13 kobolds
  6 quokkas
  5 ball pythons
  5 bats
  A giant gecko (D:1)
  2 giant gecko skeletons (D:4)
  5 giant newts
  A jackal skeleton (D:4)
  3 quokka skeletons
  8 rats
  A plant (D:1)
99 creatures vanquished.

Vanquished Creatures (collateral kills)
  A centaur (D:6)
1 creature vanquished.

Vanquished Creatures (others)
  A gnoll (D:6)
1 creature vanquished.

Grand Total: 101 creatures vanquished

Notes
Turn   | Place    | Note
--------------------------------------------------------------
     0 | D:1      | MikeDS the High Elf Hunter began the quest for the Orb.
     0 | D:1      | Reached XP level 1. HP: 14/14 MP: 2/2
   253 | D:1      | Reached XP level 2. HP: 14/19 MP: 3/3
   319 | D:1      | Reached skill level 1 in Short Blades
  1213 | D:1      | Reached XP level 3. HP: 24/24 MP: 4/4
  1961 | D:2      | Found a basalt altar of Yredelemnul.
  1972 | D:2      | Found a sparkling altar of Nemelex Xobeh.
  2023 | D:2      | Reached skill level 6 in Bows
  2141 | D:2      | Found an ancient bone altar of Kikubaaqudgha.
  2144 | D:2      | Found a glowing silver altar of Zin.
  2148 | D:2      | Became a worshipper of Zin the Law-Giver
  2375 | D:3      | Noticed Terence
  2479 | D:3      | Reached XP level 4. HP: 25/30 MP: 5/5
  2528 | D:3      | Acquired Zin's first power
  2562 | D:3      | Killed Terence
  2954 | D:3      | Acquired Zin's second power
  3192 | D:4      | Found a staircase to the Ecumenical Temple.
  3203 | Temple   | Entered the Ecumenical Temple
  3418 | D:4      | Noticed an orc warrior
  3486 | D:3      | Killed an orc warrior
  3486 | D:3      | Reached XP level 5. HP: 14/35 MP: 6/6
  3987 | D:5      | Entered Level 5 of the Dungeon
  4051 | D:4      | Found a white marble altar of Elyvilon.
  4331 | D:4      | Reached skill level 7 in Bows
  4331 | D:4      | Reached XP level 6. HP: 17/41 MP: 7/7
  4652 | D:4      | Noticed a giant frog
  4658 | D:4      | Killed a giant frog
  5295 | D:5      | Noticed Ajdolov's ghost (experienced SpAr)
  5398 | D:5      | Upgraded the game from 0.17-a0-1636-g3119f2b to 0.17-a0-1646-geb1493d
  5530 | D:5      | Noticed a sky beast
  5544 | D:5      | Killed a sky beast
  5544 | D:5      | Reached XP level 7. HP: 25/45 MP: 8/8
  5748 | D:5      | Killed Ajdolov's ghost
  5748 | D:5      | Reached skill level 8 in Bows
  5748 | D:5      | Reached skill level 5 in Dodging
  5914 | D:6      | Found a sacrificial altar of Ru.
  5926 | D:6      | Acquired Zin's third power
  5935 | D:6      | Found an opulent altar of Gozag.
  6104 | D:6      | Was placed under penance by Zin
  6109 | D:5      | Mangled by an orc warrior

Vault maps used:
D:1:      lightli_arrival_farm
D:2:      grunt_temple_overflow_cloverleaf, hangedman_decor_points,
          kennysheep_generic_room_12
D:3:      first_bread, uniq_terence
D:4:      minmay_temple_entry_glass, elyvilon_altar_3
D:5:      kennysheep_mini_moat
D:6:      kennysheep_housing_project, kennysheep_mini, lemuel_crystal_altar,
          nicolae_ashenzari_panopticon
Temple:   minmay_temple_curvy_8

Action                   |  1- 3 |  4- 6 |  7- 9 || total
-------------------------+-------+-------+-------++-------
Melee: Short sword       |   129 |     3 |       ||   132
 Fire: Shortbow          |   109 |   154 |    66 ||   329
Invok: Recite            |       |     4 |       ||     4
Evoke: Wand              |       |       |     9 ||     9
  Use: Scroll            |     2 |     7 |     1 ||    10
       Potion            |     2 |       |       ||     2
  Eat: Bread ration      |     1 |       |       ||     1
       Chunk             |     1 |       |       ||     1
       Meat ration       |       |     2 |     1 ||     3
